 Dungeon Crawl Stone Soup version 0.22-a0-412-g2b68d14 (webtiles) character file.

19 dstrtnsr the Ruffian (level 2, 0/25 HPs)
             Began as a Minotaur Skald on May 12, 2018.
             Slain by a worm (8 damage)
             ... on level 2 of the Dungeon.
             The game lasted 00:00:49 (129 turns).

dstrtnsr the Ruffian (Minotaur Skald)                Turns: 129, Time: 00:00:50

Health: 0/25       AC:  3    Str: 15    XL:     2   Next: 55%
Magic:  0/3        EV: 12    Int: 10    God:
Gold:   6          SH:  0    Dex:  9    Spells: 2/3 levels left

rFire    . . .     SeeInvis .     - Unarmed
rCold    . . .     Gourm    .   (no shield)
rNeg     . . .     Faith    .   a - +0 leather armour
rPois    .         Spirit   .   (helmet restricted)
rElec    .         Reflect  .   (no cloak)
rCorr    .         Harm     .   (no gloves)
MR       .....                  (no boots)
Stlth    +.........             (no amulet)
HPRegen  0.08/turn              (no ring)
MPRegen  0.08/turn              (no ring)

@: lethally poisoned (0 -> -11), infused (expiring)
A: retaliatory headbutt, horns 2
a: no special abilities


You were on level 2 of the Dungeon.
You were not hungry.

You visited 1 branch of the dungeon, and saw 2 of its levels.

You collected 6 gold pieces.

Inventory:

Armour
 a - a +0 leather armour (worn)
Scrolls
 b - a scroll of magic mapping {unknown}
Comestibles
 w - 3 rations {!d}


   Skills:
 - Level 2.4 Fighting
 - Level 1.2 Armour
 - Level 2.1 Dodging
 * Level 3.5 Unarmed Combat
 - Level 1.3 Spellcasting
 - Level 2.0 Charms


You had 2 spell levels left.
You knew the following spells:

 Your Spells              Type           Power        Failure   Level  Hunger
a - Infusion              Chrm           #...         19%         1    ##.....

Your spell library contained the following spells:

 Spells                   Type           Power        Failure   Level  Hunger
 Regeneration             Chrm/Necr      #.........   63%         3    ####...
 Shroud of Golubria       Chrm/Tloc      #.........   38%         2    ###....
 Song of Slaying          Chrm           #.......     26%         2    ###....
 Spectral Weapon          Hex/Chrm       #.......     63%         3    ####...


Dungeon Overview and Level Annotations

Branches:
Dungeon (2/15)

Altars:


Innate Abilities, Weirdness & Mutations

You reflexively headbutt those who attack you in melee.
You have a pair of horns on your head.


Message History

You hit the dart slug.
The dart slug is heavily wounded.
The dart slug barely misses you.
You hit the dart slug.
You kill the dart slug!
Your Unarmed Combat skill increases to level 3!
Found a scroll labeled MAF ZUPNYDIDIOXOEXT.
You see here a dart slug corpse.
b - a scroll labeled MAF ZUPNYDIDIOXOEXT
There are no items here.
Found 20 stones.
Found a ration.
w - 2 rations {!d} (gained 1)
There are no items here.
You open the door.
Found a stone staircase leading down.
There is an open door here.
There is a stone staircase leading down here.
You climb downwards.
A worm and a dart slug come into view.
Found an escape hatch in the ceiling.
There is a stone staircase leading up here.
Found a ration and 6 gold pieces.
Found a whip.
You now have 6 gold pieces.
There are no items here.
Found a ring mail.
The dart slug launches a dart at you. The slug dart hits you!
Huge Dmg: -22%(-4hp) hp: 78%(14hp)
The dart slug closely misses you.
You hit the dart slug.
The dart slug is moderately wounded.
You hit the dart slug.
The dart slug is severely wounded.
The dart slug barely misses you. You furiously retaliate!
You headbutt the dart slug. You hit the dart slug.
You kill the dart slug!
You have reached level 2!
w - 3 rations {!d} (gained 1)
There are no items here.
An adder comes into view.
The adder hisses angrily.
Unknown command.
Unknown command.
You barely miss the adder. The adder bites you but does no damage.
You barely miss the adder. The adder barely misses you.
You barely miss the adder. Your headbutt misses the adder. The adder bites you.
Damage: -16%(-4hp) hp: 72%(18hp)
You miss the adder. The adder closely misses you. The adder barely misses you.
You hit the adder but do no damage. The adder misses you.
You hit the adder.
The adder is moderately wounded.
The adder closely misses you.
Unknown command.
Casting: Infusion (safe; 19% risk of failure)
Confirm with . or Enter, or press ? or * to list all spells.
You begin infusing your attacks with magical energy.
The adder misses you. You furiously retaliate!
You headbutt the adder, but do no damage.
The adder misses you.
Unknown command.
Unknown command.
You closely miss the adder.
The adder is moderately wounded.
The adder bites you.
You are poisoned.
The adder poisons you!
Damage: -8%(-2hp) hp: 64%(16hp)
You miss the adder. Your headbutt misses the adder.
The adder is moderately wounded.
You feel sick. The adder bites you.
You are more poisoned.
The adder poisons you!
Damage: -8%(-2hp) hp: 56%(14hp)
You completely miss the adder. Your headbutt misses the adder.
The adder is moderately wounded.
You feel sick. The adder misses you.
Damage: -4%(-1hp) hp: 52%(13hp) Unknown command.
You hit the adder.
The adder is severely wounded.
You feel sick. The adder closely misses you.
Unknown command.
You closely miss the adder. Your headbutt misses the adder.
The adder is severely wounded.
The adder bites you.
* * * LOW HITPOINT WARNING * * *
You are lethally poisoned!
The adder poisons you! The worm bites you.
* * * LOW HITPOINT WARNING * * *
The adder closely misses you.
Huge Dmg: -16%(-4hp) hp: 36%(9hp)
You hit the adder.
You kill the adder!
Your magical infusion is running out.
* * * LOW HITPOINT WARNING * * *
You feel sick. The worm bites you!
You die...

#####.#... ..... .
#.<......### .... .# .#.#
#.......... ..##.###.#...
#....w....# #.#..#.......
#.........# #...# .......
..........###.#.####.......
.......<......#...........
.........######......).##
...........w@..........#
.........######........#
..######## ########## #


You could see a worm.

Vanquished Creatures
  An adder (D:2)
  2 dart slugs
  A giant cockroach (D:1)
  2 kobolds (D:1)
  A rat (D:1)
7 creatures vanquished.

Notes
Turn   | Place    | Note
-------+----------+-------------------------------------------
     0 | D:1      | dstrtnsr the Minotaur Skald began the quest for the Orb.
     0 | D:1      | Reached XP level 1. HP: 18/18 MP: 1/1
    35 | D:1      | Reached skill level 3 in Unarmed Combat
   100 | D:2      | Reached XP level 2. HP: 20/25 MP: 3/3
   128 | D:2      | HP: 10/25 [adder (3)]
   129 | D:2      | Slain by a worm

Vault maps used:
D:1:      erik_arrival_blinker_ship
D:2:      serial_bayou_crossing, uniq_terence

Skill      XL: |  1 |
---------------+----+-----
Unarmed Combat | 3 |  3.5
Fighting       | |  2.4
Armour         | |  1.2
Dodging        | |  2.1
Spellcasting   | |  1.3
Charms         | |  2.0

Action                   || total
-------------------------++-------
Melee: Unarmed           ||    29
       Headbutt          ||     2
 Cast: Infusion          ||     1
Armor: Leather armour    ||     2
Dodge: Dodged            ||    22

Table legend:
 A = Spawn XP
 B = Non-spawn XP
 C = Spawn XP percentage of total XP
 D = Spawn monster count
 E = Non-spawn monster count
 F = Spawn count percentage of total count
 G = Total turns spent on level
                    A         B        C        D         E        F      G
               +---------+---------+-------+---------+---------+-------+---------
         Total |       0 |      28 |   0.0 |       0 |       7 |   0.0 |   129
               +---------+---------+-------+---------+---------+-------+---------
           D:1 |       0 |      11 |   0.0 |       0 |       5 |   0.0 |    78
           D:2 |       0 |      17 |   0.0 |       0 |       2 |   0.0 |    51
               +---------+---------+-------+---------+---------+-------+---------
